 Dungeon Sprint DCSS version 0.25.1-2-g60ff931df9 (webtiles) character file.

Game seed: 7385077794533215888

5271 Cadaver the Thrower (level 10, -9/120 HPs)
             Began as an Ogre Hunter on Nov 9, 2020.
             Was an Elder of Okawaru.
             Mangled by a sun demon (10 damage)
             ... in the Dungeon (Sprint VII: "The Pits") on Dec 6, 2020.
             The game lasted 00:14:32 (2802 turns).

Cadaver the Thrower (Ogre Hunter)                   Turns: 2802, Time: 00:14:32

Health: -9/120     AC:  4    Str: 18    XL:     10   Next: 62%
Magic:  13/14      EV: 15    Int: 14    God:    Okawaru [****..]
Gold:   0          SH:  0    Dex: 10    Spells: 9/9 levels left

rFire    . . .     SeeInvis .   C - +2 war axe (drain)
rCold    . . .     Gourm    .   (no shield)
rNeg     + . .     Faith    .   t - +1 robe {rN+}
rPois    .         Spirit   .   (helmet restricted)
rElec    .         Reflect  .   (no cloak)
rCorr    .         Harm     .   (gloves unavailable)
MR       +....     NoTele   +   (boots unavailable)
Stlth    +++.......             (no amulet)
HPRegen  0.30/turn              (no ring)
MPRegen  0.14/turn              (no ring)

@: heroism
A: large, unfitting armour, tough skin 1
a: Heroism, Renounce Religion


You were in the Dungeon.
You worshipped Okawaru.
Okawaru was greatly pleased with you.
You were not hungry.

You visited 1 branch

Inventory:

Hand Weapons
 a - a +2 halberd of venom
 s - a +2 quarterstaff
 v - a +1 hand axe of freezing
 x - a +1 quarterstaff of speed
 C - a +2 war axe of draining (weapon)
Missiles
 c - 7 large rocks (quivered)
 d - 8 atropa-tipped darts
 q - 10 stones
 y - 6 boomerangs
 D - 3 javelins
Armour
 b - a +0 robe
 t - a +1 robe of positive energy (worn)
Magical Staves
 r - an uncursed staff of energy
Jewellery
 u - a +3 ring of strength
 z - a +3 ring of strength
Scrolls
 k - a scroll of blinking
 m - 3 scrolls of remove curse
 n - 5 scrolls of amnesia
 o - a scroll of summoning
 p - 2 scrolls of vulnerability
Potions
 e - 7 potions of curing
 g - 7 potions of heal wounds
 h - 2 potions of haste
 i - 4 potions of magic
 j - 2 potions of berserk rage
 l - 2 potions of invisibility
 A - 4 potions of stabbing
 B - a potion of brilliance
Comestibles
 f - 7 rations
 w - 5 chunks of flesh


   Skills:
 + Level 13.9(18.9) Fighting
 + Level 13.3(18.3) Axes
 + Level 14.9(19.9) Throwing
 + Level 7.0(12.0) Dodging
 - Level 0.6(5.6) Stealth
 + Level 6.5 Invocations


You had 9 spell levels left.
You didn't know any spells.
Your spell library was empty.

Dungeon Overview and Level Annotations

Branches:
Dungeon (1/1)

Altars:
Ashenzari
Cheibriados
Dithmenos
Elyvilon
Fedhas
Gozag
Hepliaklqana
Kikubaaqudgha
Makhleb
Nemelex Xobeh
Okawaru
Qazlal
Ru
Sif Muna
Trog
Uskayaw
Vehumet
Wu Jian
Xom
Yredelemnul
Zin
The Shining One
Beogh
Jiyva
Lugonu


Innate Abilities, Weirdness & Mutations

You are too large for most types of armour.
You have tough skin. (AC +1)


Message History

* * * LOW HITPOINT WARNING * * *
You feel much better. The sun demon closely misses you.
Throwing (i - inventory. (/) - cycle)
c - 9 large rocks (quivered)
Press: ? - help, Shift-Dir - straight line, f/p - sun demon
Aim: a sun demon (heavily wounded)
You throw a large rock. The large rock misses the sun demon.
The sun demon hits you.
* * * LOW HITPOINT WARNING * * *
You are engulfed in flames!
* * * LOW HITPOINT WARNING * * *
The sun demon completely misses you.
Unknown command.
Throwing (i - inventory. (/) - cycle)
c - 8 large rocks (quivered)
Press: ? - help, Shift-Dir - straight line, f/p - sun demon
Aim: a sun demon (heavily wounded)
You throw a large rock. The large rock misses the sun demon.
The sun demon hits you!
* * * LOW HITPOINT WARNING * * *
You are engulfed in flames!
You die...

##.......##''# ##### ####
##.......##..###...###..+
##...)...##...##...##..#
##...<...###..)##'##..##
##.......# ##..........##
##.......###..###'###...##+#
##.......##..##.....##..#...#
###########..'.......'..'...'
###########..##.@...##..# ..
9
....#..[[###..###3###...##'##
.. ....#..[[#
##.....(....##...#..#
....'.).)###...##'##..##
...'3#
....#...)##...##...##..##...#
....#..))##..###...###..'...#
############## ##### ########


You could see a sun demon.

Vanquished Creatures
  A death yak (D)
  An orc high priest (D)
  A phantasmal warrior (D)
  An elephant (D)
  A spiny frog (D)
  A troll (D)
  A demonic crawler (D)
  A guardian mummy (D)
  A bog body (D)
  2 tyrant leeches (D)
  A spriggan (D)
  A redback (D)
  A floating eye (D)
  A large abomination (D)
  3 orc warriors (D)
  A swamp drake (D)
  5 wolves (D)
  An ogre (D)
  A small abomination (D)
  A crimson imp (D)
  2 orc priests (D)
  A gnoll shaman (D)
  4 orc wizards (D)
  3 gnolls (D)
  A river rat (D)
  2 adders (D)
  2 oozes (D)
  A leopard gecko (D)
  15 orcs (D)
  A goblin (D)
  2 jackals (D)
  2 rats (D)
63 creatures vanquished.

Notes
Turn   | Place    | Note
-------+----------+-------------------------------------------
     0 | D        | Cadaver the Ogre Hunter began the quest for the Orb.
     0 | D        | Reached XP level 1. HP: 22/22 MP: 1/1
    70 | D        | Found a glowing golden altar of the Shining One.
    70 | D        | Found a glowing silver altar of Zin.
    70 | D        | Found a basalt altar of Yredelemnul.
    70 | D        | Found a shimmering altar of Xom.
    70 | D        | Found an ornate altar of the Wu Jian Council.
    70 | D        | Found a bloodstained altar of Trog.
    70 | D        | Found a shimmering blue altar of Sif Muna.
    70 | D        | Found a sacrificial altar of Ru.
    70 | D        | Found a stormy altar of Qazlal.
    70 | D        | Found an iron altar of Okawaru.
    70 | D        | Found a sparkling altar of Nemelex Xobeh.
    70 | D        | Found a burning altar of Makhleb.
    70 | D        | Found a viscous altar of Jiyva.
    70 | D        | Found a hazy altar of Hepliaklqana.
    70 | D        | Found an opulent altar of Gozag.
    70 | D        | Found a blossoming altar of Fedhas.
    70 | D        | Found a white marble altar of Elyvilon.
    70 | D        | Found a shadowy altar of Dithmenos.
    70 | D        | Found a snail-covered altar of Cheibriados.
    71 | D        | Found a radiant altar of Vehumet.
    71 | D        | Found a corrupted altar of Lugonu.
    71 | D        | Found a roughly hewn altar of Beogh.
    72 | D        | Found a hide-covered altar of Uskayaw.
    72 | D        | Found an ancient bone altar of Kikubaaqudgha.
    72 | D        | Found a shattered altar of Ashenzari.
    76 | D        | Became a worshipper of Warmaster Okawaru
    86 | D        | Noticed a floating eye
    92 | D        | Paralysed by a floating eye for 2 turns
    96 | D        | Killed a floating eye
    96 | D        | Reached * piety under Okawaru
    96 | D        | Reached ** piety under Okawaru
    96 | D        | Reached skill level 8 in Throwing
    96 | D        | Reached XP level 2. HP: 32/32 MP: 2/2
    96 | D        | Reached XP level 3. HP: 39/39 MP: 3/3
    96 | D        | Reached XP level 4. HP: 48/48 MP: 4/4
   243 | D        | Reached skill level 9 in Throwing
   243 | D        | Reached XP level 5. HP: 52/54 MP: 2/5
   375 | D        | Noticed an ogre
   393 | D        | Killed an ogre
   393 | D        | Reached skill level 5 in Fighting
   393 | D        | Reached skill level 10 in Throwing
   393 | D        | Reached XP level 6. HP: 33/67 MP: 3/6
   476 | D        | Reached skill level 5 in Axes
   476 | D        | Reached skill level 1 in Invocations
   546 | D        | Noticed an orc warrior
   554 | D        | Killed an orc warrior
   554 | D        | Reached *** piety under Okawaru
   554 | D        | Reached skill level 11 in Throwing
   563 | D        | Reached XP level 7. HP: 47/78 MP: 5/8
   952 | D        | Noticed a troll
   977 | D        | Killed a troll
   977 | D        | Reached XP level 8. HP: 91/91 MP: 6/10
   996 | D        | Noticed a demonic crawler
  1007 | D        | Killed a demonic crawler
  1007 | D        | Reached skill level 10 in Axes
  1283 | D        | Noticed a redback
  1283 | D        | Noticed a tyrant leech
  1300 | D        | Killed a redback
  1300 | D        | Reached skill level 12 in Throwing
  1618 | D        | Killed a tyrant leech
  1618 | D        | Reached skill level 10 in Fighting
  1618 | D        | Reached skill level 5 in Dodging
  1653 | D        | Received a gift from Okawaru
  1665 | D        | Reached XP level 9. HP: 77/102 MP: 8/11
  1824 | D        | Noticed a guardian mummy
  1842 | D        | Received a gift from Okawaru
  1860 | D        | Noticed a tyrant leech
  1887 | D        | Killed a guardian mummy
  1935 | D        | Killed a tyrant leech
  1958 | D        | Noticed an elephant
  1977 | D        | Killed an elephant
  1977 | D        | Reached skill level 13 in Throwing
  2120 | D        | Noticed a spiny frog
  2203 | D        | Killed a spiny frog
  2203 | D        | Reached **** piety under Okawaru
  2203 | D        | Received a gift from Okawaru
  2232 | D        | Noticed a phantasmal warrior
  2238 | D        | Killed a phantasmal warrior
  2238 | D        | Reached skill level 5 in Invocations
  2238 | D        | Reached XP level 10. HP: 66/119 MP: 10/13
  2449 | D        | Noticed an orc high priest
  2449 | D        | Noticed a death yak
  2488 | D        | Killed a death yak
  2488 | D        | Reached skill level 14 in Throwing
  2697 | D        | Killed an orc high priest
  2697 | D        | Received a gift from Okawaru
  2699 | D        | Received a gift from Okawaru
  2780 | D        | Noticed a sun demon
  2780 | D        | Noticed a gargoyle
  2799 | D        | HP: 6/120 [sun demon (16)]
  2802 | D        | HP: 1/120 [sun demon (11)]
  2802 | D        | Mangled by a sun demon

Illustrated notes

Levels and vault maps discovered:
D:        pitsprint [storerooms_1, entrance_room_1, metal_vault_5, armoury_3,
          mini_pit_1, grid_room_1, main_hall_1, silver_pit, the_coven_3,
          the_vestibule_1, steel_vault_5, golden_pit, hallway_of_sentries,
          crystal_vault_1, iron_vault_1, final_vault]

Skill      XL: |  1  2  3  4  5  6  7  8  9 10 |
---------------+-------------------------------+-----
Dodging        | 3 4 5 6 7 |  7.0
Fighting       | 3 4 5 7 8 10 13 | 13.9
Axes           | 2 4 6 9 11 13 | 13.3
Throwing       | 8 9 10 11 12 13 14 | 14.9
Invocations    | 1 2 3 5 6 |  6.5
Stealth        | |  0.6

Action                   |  1- 3 |  4- 6 |  7- 9 | 10-12 || total
-------------------------+-------+-------+-------+-------++-------
Melee: Hand axe          |     8 |    44 |    28 |       ||    80
       Punch             |       |       |     3 |       ||     3
       War axe           |       |       |    26 |     8 ||    34
Throw: Large rock        |     3 |    16 |    22 |    17 ||    58
       Throwing net      |       |     2 |     2 |       ||     4
       Boomerang         |       |       |    25 |       ||    25
       Javelin           |       |       |       |     3 ||     3
Invok: Heroism           |       |     5 |    16 |     4 ||    25
  Use: Potion            |       |     1 |     1 |     1 ||     3
  Eat: Ration            |       |       |     1 |     1 ||     2
       Chunk             |       |       |     1 |       ||     1
Armor: Robe              |     1 |     6 |     6 |     2 ||    15
Dodge: Dodged            |       |    18 |    47 |    10 ||    75
